 Dungeon Crawl Stone Soup version 0.28.0 (webtiles) character file.

Game seed: 6505096013228890237

83 Host24 the Bolt Thrower (level 4, -2/28 HPs)
             Began as a Kobold Hunter on Mar 5, 2022.
             Slain by a river rat (6 damage)
             ... in a sewer.
             The game lasted 00:05:02 (2863 turns).

Host24 the Bolt Thrower (Kobold Hunter)             Turns: 2863, Time: 00:05:02

Health: -2/28      AC:  6    Str: 11    XL:     4   Next: 71%
Magic:  4/4        EV: 13    Int: 12    God:
Gold:   123        SH:  0    Dex: 15    Spells: 3/3 levels left

rFire   . . .      SeeInvis .   a - +1 hand crossbow
rCold   . . .      Faith    .   (no shield)
rNeg    . . .      Spirit   .   e - +1 ring mail {rPois}
rPois   +          Reflect  .   (no helmet)
rElec   .          Harm     .   (no cloak)
rCorr   .          Rampage  .   (no gloves)
Will    .....                   (no boots)
Stlth   ++........              (no amulet)
HPRegen 0.09/turn               (no ring)
MPRegen 0.09/turn               (no ring)

@: no status effects
A: small, no large weapons, nightstalker 3
a: no special abilities


You were in a sewer.
You visited 1 branch of the dungeon, and saw 3 of its levels.
You also visited: Sewer.

You collected 123 gold pieces.

Inventory:

Hand Weapons
 a - a +1 hand crossbow (weapon)
 b - a +0 short sword
Missiles
 c - 95 stones
 d - 10 bolts (quivered ammo)
 m - 5 poisoned darts
Armour
 e - a +1 ring mail of poison resistance (worn)
Scrolls
 g - a scroll of enchant armour {unknown}
 i - 4 scrolls of identify {unknown}
 j - a scroll of fog {unknown}
 l - a scroll of enchant weapon {unknown}
 o - a scroll of teleportation {unknown}
 p - a scroll of magic mapping {unknown}
 r - a scroll of fear {unknown}
Potions
 f - a potion of cancellation {unknown}
 h - a potion of heal wounds {unknown}
 k - 2 potions of brilliance {unknown}
 n - a potion of flight {unknown}
 q - a potion of might {unknown}


   Skills:
 - Level 3.0 Fighting
 + Level 6.3 Crossbows
 - Level 3.0 Dodging
 - Level 1.3 Stealth


You had 3 spell levels left.
You didn't know any spells.
Your spell library was empty.

Dungeon Overview and Level Annotations

Branches:
Dungeon (3/15)              Sewer (1/1)

Altars:

Shops:
D:2 (


Innate Abilities, Weirdness & Mutations

You are small and have problems with some larger weapons.
You are completely attuned to the shadows.


Message History

Fire: 14 bolts
Press: ? - help, Q - select action, (/) - cycle Shift-Dir - straight line, f/p - river rat
Aim: a river rat (64% to hit)
You shoot a bolt. The bolt hits the river rat.
The river rat is moderately wounded.
The rat bites you but does no damage. The river rat bites you.
* * * LOW HITPOINT WARNING * * *
Fire: 13 bolts
Press: ? - help, Q - select action, (/) - cycle Shift-Dir - straight line, f/p - river rat
Aim: a river rat (moderately wounded, 64% to hit)
You shoot a bolt. The bolt closely misses the river rat.
The rat misses you. The river rat closely misses you.
Unknown command.
Fire: 12 bolts
Press: ? - help, Q - select action, (/) - cycle Shift-Dir - straight line, f/p - river rat
Aim: a river rat (moderately wounded, 64% to hit)
You shoot a bolt. The bolt closely misses the river rat.
The rat closely misses you. The river rat bites you.
* * * LOW HITPOINT WARNING * * *
The rat bites you but does no damage. The rat bites you but does no damage.
A rat comes into view.
The rat misses you.
A ball python comes into view.
The ball python hisses angrily.
A river rat comes into view.
An endoplasm comes into view.
The ball python bites you.
* * * LOW HITPOINT WARNING * * *
The ball python completely misses you.
Fire: 11 bolts
Press: ? - help, Q - select action, (/) - cycle Shift-Dir - straight line, f/p - river rat
Aim: a river rat (lightly wounded, 64% to hit)
You shoot a bolt. The endoplasm quivers.
The bolt hits the river rat.
The river rat is heavily wounded.
The ball python barely misses you. The ball python closely misses you.
The rat closely misses you. The rat bites you but does no damage.
The river rat bites you.
You die...

≈ #≈####+###
≈≈≈≈≈≈...#
≈≈≈≈≈....## #....≈
≈≈≈≈≈≈....# #....#
≈≈≈≈≈.....# #.J..##
≈≈≈≈≈≈≈...##
#.Sr..#≈≈≈≈≈≈≈....#
#..@..≈≈≈≈≈≈≈≈≈...##
##rrr.≈≈≈≈≈≈≈≈.....#
##....≈≈≈≈≈≈.......
#....≈≈≈≈≈≈.....†.
##.....≈≈≈≈≈≈....†.
#...#.≈≈≈≈≈≈≈.....#
##...##≈.≈≈≈≈......#
#..(###.≈≈≈≈≈.....##
#...##.†≈≈≈.≈.....##


You could see 2 river rats, an endoplasm, a ball python and 2 rats.

Vanquished Creatures
  An adder (D:2)
  A worm (D:2)
  2 dart slugs (D:1)
  4 endoplasms
  2 giant cockroaches (D:3)
  6 goblins
  9 hobgoblins
  4 kobolds (D:1)
  3 quokkas
  4 ball pythons
  5 bats
  3 frilled lizards
  25 rats
69 creatures vanquished.

Notes
Turn   | Place    | Note
-------+----------+-------------------------------------------
     0 | D:1      | Host24 the Kobold Hunter began the quest for the Orb.
     0 | D:1      | Reached XP level 1. HP: 12/12 MP: 1/1
    42 | D:1      | Reached skill level 5 in Crossbows
   208 | D:1      | Reached XP level 2. HP: 3/18 MP: 2/2
   718 | D:1      | Reached XP level 3. HP: 15/23 MP: 3/3
  1588 | D:2      | Found Guofyn's Weapon Shoppe.
  1936 | D:2      | Reached XP level 4. HP: 28/28 MP: 4/4
  2215 | D:2      | Reached skill level 6 in Crossbows
  2638 | D:3      | Found a glowing drain.
  2658 | Sewer    | Entered a sewer
  2863 | Sewer    | Slain by a river rat

Illustrated notes

Levels and vault maps discovered:
D:1:      minmay_arrival_wavy_path, layout_loops_ring, minmay_pentomino_z4
D:2:      layout_basic, serial_shops, nicolae_shop_behind_doors
D:3:      layout_loops_ring, portal_sewer_entry_f,
          hellmonk_ecumenical_altar_inner_sanctum, serial_park_tiny_2,
          minmay_distorted
Sewer:    sewer_minmay_treatment

Skill      XL: |  1  2  3  4 |
---------------+-------------+-----
Crossbows      | 5 6 |  6.3
Fighting       | 3 |  3.0
Dodging        | 3 |  3.0
Stealth        | |  1.3

Action                   |  1- 3 |  4- 6 || total
-------------------------+-------+-------++-------
Melee: Short sword       |   115 |    81 ||   196
 Fire: Hand crossbow     |     6 |    13 ||    19
 Stab: Sleeping          |     5 |     5 ||    10
       Distracted        |     1 |       ||     1
Armor: Ring mail         |    45 |    34 ||    79
Dodge: Dodged            |    77 |    77 ||   154
